 Dungeon Crawl Stone Soup version 0.19-a0-1568-gdd01aac (webtiles) character file.

84 dvd the Insei (level 4, 0/42 HPs)
             Began as an Octopode Transmuter on Sept 15, 2016.
             Was a Follower of Trog.
             Killed from afar by an orc wizard (11 damage)
             ... with a magic dart
             ... on level 3 of the Dungeon.
             The game lasted 00:05:53 (2026 turns).

dvd the Insei (Octopode Transmuter)                 Turns: 2026, Time: 00:05:54

Health: 0/42       AC:  6    Str: 14    XL:     4   Next: 46%
Magic:  7/7        EV: 13    Int: 16    God:    Trog [*.....]
Gold:   211        SH:  0    Dex: 12    Spells: 1 memorised, 6 levels left

rFire  . . .     SeeInvis .     h - +0 dagger (protect)
rCold  . . .     Gourm    .     (no shield)
rNeg   + . .     Faith    .     (helmet restricted)
rPois  .         Spirit   .     (no amulet)
rElec  .         Dismiss  .     n - ring of positive energy
rCorr  .         Reflect  .     (no ring)
MR     .....     Harm     .     (no ring)
Stlth  ..........               (no ring)
                                (no ring)
                                (no ring)
                                (no ring)
                                (no ring)

@: berserking, very quick
A: almost no armour, stealthy swim, amphibious, 8 rings, constrict 8, camouflage
1, gelatinous body 1
a: Berserk, Burn Spellbooks, Renounce Religion


You were on level 3 of the Dungeon.
You worshipped Trog.
Trog was aware of your devotion.
You were not hungry.

You visited 1 branch of the dungeon, and saw 3 of its levels.

You collected 211 gold pieces.

Inventory:

Hand Weapons
 h - a +0 dagger of protection (weapon)
Missiles
 a - 32 arrows
Jewellery
 n - a ring of positive energy (left tentacle)
Scrolls
 e - 2 scrolls of identify
 f - 2 scrolls of random uselessness {unknown}
 j - 2 scrolls of amnesia
 k - a scroll of teleportation {unknown}
 m - a scroll of enchant weapon {unknown}
 q - a scroll of enchant armour {unknown}
 r - a scroll of remove curse
Potions
 i - a potion of degeneration {unknown}
 l - a potion of heal wounds
 o - 2 potions of curing {unknown}
Books
 b - a book of Changes

   Spells                             Type                      Level
   a - Beastly Appendage              Transmutation                1
   b - Sticks to Snakes               Transmutation                2
   c - Spider Form                    Transmutation/Poison         3
   d - Ice Form                       Ice/Transmutation            4
   e - Blade Hands                    Transmutation                5
   Trog disapproves of the use of such an item.
Comestibles
 c - 7 bread rations
 d - a meat ration
 g - 2 chunks of flesh
 p - a beef jerky


   Skills:
 + Level 1.1 Fighting
 + Level 0.4 Short Blades
 + Level 2.4 Dodging
 + Level 2.2 Stealth
 + Level 3.9 Unarmed Combat
 - Level 2.5 Spellcasting
 - Level 2.1 Transmutations


You had 6 spell levels left.
You knew the following spells:

 Your Spells              Type           Power        Failure   Level  Hunger
b - Sticks to Snakes      Tmut           #.......     14%         2    ##.....


Dungeon Overview and Level Annotations

Branches:
Dungeon (3/15)

Altars:
Cheibriados
Gozag
Trog
Yredelemnul
Zin


Innate Abilities, Weirdness & Mutations

You cannot wear most types of armour.
You are very stealthy in the water.
You are amphibious.
You can wear up to eight rings at the same time.
You can use your tentacles to constrict eight enemies at once.
Your skin changes colour to match your surroundings (Stealth+).
Your rubbery body absorbs attacks. (AC +1, EV +1)


Message History

The orc closely misses you.
Unknown command.
A red film seems to cover your vision as you go berserk!
You feel yourself moving faster!
You feel mighty!
You feel somewhat more hungry.
The orc wizard hits you but does no damage.
The orc wizard hits you with a dagger. The orc hits you with a war axe.
The orc wizard hits you with a dagger.
* * * LOW HITPOINT WARNING * * *
You hit the orc wizard. Your grab misses the orc wizard.
The orc wizard is almost dead.
The orc wizard casts a cantrip, but nothing happens.
The orc wizard hits you with a dagger.
* * * LOW HITPOINT WARNING * * *
You hit the orc wizard. Your grab misses the orc wizard.
The orc wizard is moderately wounded.
The orc misses you. The orc wizard casts a spell at you.
The magic dart hits you!
You die...

##...## . ##.....##
.. ##.......## .#
#.........# ###.#
##.......## #...#
##.....## #...###
##...## ......#
##.##########
......###
#...o@o.....#
..<......
#..##o#.###.#
#...####......#.....#
....##
#####.##..#....
##...# #.##..(.....
#...# #...... ###.#
#...# ####.... #
#...# #.### #...#


You could see 2 orc wizards and an orc.

Vanquished Creatures
  2 adders (D:2)
  2 oozes
  A worm (D:2)
  A dart slug (D:2)
  2 leopard geckos (D:2)
  An orc (D:3)
  5 bats
  A giant cockroach (D:1)
  3 goblins
  8 hobgoblins
  A quokka (D:2)
  2 ball pythons
  A frilled lizard (D:2)
  3 kobolds
  3 rats (D:2)
  A spectral orc (D:2)
37 creatures vanquished.

Vanquished Creatures (collateral kills)
  Ijyb (D:2)
1 creature vanquished.

Grand Total: 38 creatures vanquished

Notes
Turn   | Place    | Note
-------+----------+-------------------------------------------
     0 | D:1      | dvd the Octopode Transmuter began the quest for the Orb.
     0 | D:1      | Reached XP level 1. HP: 13/13 MP: 3/3
   380 | D:1      | Reached XP level 2. HP: 18/18 MP: 3/5
   898 | D:2      | Learned a level 2 spell: Sticks to Snakes
   944 | D:2      | Reached skill level 1 in Stealth
   999 | D:2      | Reached XP level 3. HP: 20/23 MP: 4/6
  1253 | D:2      | Found a snail-covered altar of Cheibriados.
  1266 | D:2      | Found a faded altar of an unknown god.
  1293 | D:2      | Found a glowing silver altar of Zin.
  1435 | D:2      | Found an opulent altar of Gozag.
  1439 | D:2      | Noticed Ijyb
  1470 | D:2      | Killed Ijyb
  1470 | D:2      | Reached XP level 4. HP: 27/28 MP: 1/7
  1707 | D:2      | Found a basalt altar of Yredelemnul.
  1783 | D:2      | Became a worshipper of Trog the Wrathful
  1783 | D:2      | Reached * piety under Trog
  2026 | D:3      | Killed from afar by an orc wizard

Vault maps used:
D:1:      kennysheep_arrival_seaside, minmay_misc_feat_room
D:2:      lemuel_crystal_altar, yredelemnul_forgotten_temple_becter,
          overflow_temple_1_default, cheibriados_altar_1, ecumenical_altar_2,
          first_bread, uniq_iyjb
D:3:      marbit_many_paths

Skill      XL: |  1  2  3 |
---------------+----------+-----
Stealth        | 1 2 |  2.2
Fighting       | |  1.1
Short Blades   | |  0.4
Dodging        | |  2.4
Unarmed Combat | |  3.9
Spellcasting   | |  2.5
Transmutations | |  2.1

Action                   |  1- 3 |  4- 6 || total
-------------------------+-------+-------++-------
Melee: Unarmed           |    66 |       ||    66
       Tentacles         |     9 |     5 ||    14
       Constrict         |    11 |     6 ||    17
       Kick              |     9 |       ||     9
       Dagger            |       |    35 ||    35
 Cast: Beastly Appendage |     9 |       ||     9
       Sticks to Snakes  |     3 |       ||     3
Invok: Berserk           |       |     1 ||     1
  Use: Scroll            |     4 |       ||     4
 Stab: Sleeping          |    11 |     3 ||    14
  Eat: Chunk             |     2 |     2 ||     4
Armor: Skin              |     5 |    10 ||    15
Dodge: Dodged            |    33 |    21 ||    54
